 Dungeon Crawl Stone Soup version 0.19-a0-706-g03de5d9 (webtiles) character file.

106934 magipi the Grand Gadgeteer (level 16, -7/88 HPs)
             Began as a Gargoyle Artificer on June 17, 2016.
             Was the Champion of Pakellas.
             Mangled by a merfolk impaler
             ... wielding a +2 trident of venom
              (8 damage)
             ... on level 2 of the Shoals on June 19, 2016.
             The game lasted 04:09:26 (37365 turns).

magipi the Grand Gadgeteer (Gargoyle Artificer)    Turns: 37365, Time: 04:09:27

Health: -7/88      AC: 26    Str: 22    XL:     16   Next: 45%
Magic:  17/30      EV: 14    Int: 16    God:    Pakellas [******]
Gold:   1057       SH:  0    Dex: 15    Spells: 3 memorised, 15 levels left

rFire  . . .     SeeInvis +     a - +4 dagger (elec)
rCold  + + +     Gourm    +     G - +4 skin of Zhor {rC+++}
rNeg   + . .     Faith    .     (no shield)
rPois  ∞         Spirit   .     K - +2 hat {SInv}
rElec  +         Dismiss  .     h - +2 cloak
rCorr  +         Reflect  .     N - +1 pair of gloves
SustAt .         Harm     .     (no boots)
MR     +....                    z - amulet of the gourmand
Stlth  +++.......               m - +3 ring of intelligence
                                c - ring of resist corrosion

@: mighty, about to teleport, flying, very slightly contaminated, hasted,
studying Maces & Flails, very quick, somewhat resistant to hostile enchantments,
fairly stealthy
A: big wings, negative energy resistance 1, electricity resistance, unbreathing,
petrification resistance, rot immunity, AC +11
a: Stop Flying, Quick Charge, Device Surge, Supercharge, Renounce Religion


You were on level 2 of the Shoals.
You worshipped Pakellas.
Pakellas was exalted by your worship.
You were hungry.

You visited 7 branches of the dungeon, and saw 31 of its levels.
You also visited: Labyrinth and Sewer.

You collected 2589 gold pieces.
You spent 1532 gold pieces at shops.

Notes
Turn   | Place    | Note
--------------------------------------------------------------
     0 | D:1      | magipi the Gargoyle Artificer began the quest for the Orb.
     0 | D:1      | Reached XP level 1. HP: 12/12 MP: 2/2
    28 | D:1      | Reached skill level 3 in Evocations
    28 | D:1      | Reached XP level 2. HP: 7/17 MP: 2/4
   525 | D:1      | Reached XP level 3. HP: 20/21 MP: 5/5
   622 | D:1      | Reached skill level 1 in Short Blades
  1150 | D:2      | Reached XP level 4. HP: 27/27 MP: 6/6
  1171 | D:2      | Found a white marble altar of Elyvilon.
  1360 | D:2      | Found a hazy altar of Hepliaklqana.
  1360 | D:2      | Found a shimmering altar of Xom.
  1361 | D:2      | Found an iron altar of Okawaru.
  1553 | D:3      | Found an opulent altar of Gozag.
  1585 | D:3      | Found an ancient bone altar of Kikubaaqudgha.
  1663 | D:2      | Reached skill level 4 in Evocations
  1663 | D:2      | Reached XP level 5. HP: 23/31 MP: 6/8
  2015 | D:3      | Found a stormy altar of Qazlal.
  2046 | D:3      | Found a sparkling altar of Nemelex Xobeh.
  2273 | D:4      | Found a bloodstained altar of Trog.
  2364 | D:4      | Found a glowing drain.
  2368 | Sewer    | Entered a sewer
  2426 | Sewer    | Noticed a crocodile
  2429 | Sewer    | Noticed a soldier ant
  2429 | Sewer    | a crocodile changed into a soldier ant
  2435 | Sewer    | Killed a soldier ant
  2435 | Sewer    | Reached XP level 6. HP: 33/36 MP: 7/9
  2752 | D:4      | Reached skill level 5 in Evocations
  2909 | D:4      | Noticed an orc warrior
  3142 | D:4      | Reached XP level 7. HP: 40/40 MP: 10/10
  3399 | D:5      | Entered Level 5 of the Dungeon
  3551 | D:5      | Noticed Menkaure
  3739 | D:5      | Noticed Duvessa
  3811 | D:6      | Reached skill level 5 in Short Blades
  4085 | D:7      | Found a staircase to the Ecumenical Temple.
  4094 | Temple   | Entered the Ecumenical Temple
  4291 | D:7      | Reached skill level 6 in Evocations
  4380 | D:7      | Reached XP level 8. HP: 45/45 MP: 12/12
  5527 | D:5      | Noticed Pikel
  5548 | D:5      | Reached skill level 7 in Evocations
  5601 | D:5      | Killed Duvessa
  5713 | D:5      | Noticed Dowan
  5731 | D:5      | Noticed Dowan
  5731 | D:5      | Dowan changed into Dowan the steam dragon
  5738 | D:5      | HP: 2/45 [Dowan the steam dragon/ball of steam (16)]
  5741 | D:5      | Killed Dowan the steam dragon
  5741 | D:5      | Reached XP level 9. HP: 3/49 MP: 2/14
  6024 | D:5      | Killed Pikel
  6024 | D:5      | Reached skill level 8 in Evocations
  7342 | D:8      | Found a basalt altar of Yredelemnul.
  7454 | D:9      | Found an oddly glowing altar of Pakellas.
  7458 | D:9      | Became a worshipper of Pakellas the Inventive
  7609 | D:6      | Reached skill level 9 in Evocations
  7939 | D:9      | Reached XP level 10. HP: 46/58 MP: 14/16
  7968 | D:9      | Reached skill level 5 in Fighting
  8249 | D:9      | Reached skill level 1 in Armour
  8603 | D:10     | Entered Level 10 of the Dungeon
  8717 | D:10     | Reached * piety under Pakellas
  8717 | D:10     | Received a gift from Pakellas
  8778 | D:10     | Reached skill level 10 in Evocations
  8790 | D:10     | Found a staircase to the Lair.
  9073 | D:10     | Got a fine hand axe
  9596 | D:10     | Found a portal to a secret trove of treasure.
 10055 | D:11     | Reached skill level 5 in Armour
 10112 | D:11     | Noticed a hill giant
 10207 | D:11     | Reached ** piety under Pakellas
 10207 | D:11     | Received a gift from Pakellas
 10230 | D:11     | Noticed a hill giant
 10282 | Lair:1   | Entered Level 1 of the Lair of Beasts
 10397 | Lair:1   | Noticed an eight-headed hydra
 10638 | Lair:2   | Noticed a spiny frog
 10649 | Lair:2   | Killed a spiny frog
 10649 | Lair:2   | Reached XP level 11. HP: 53/64 MP: 2/19
 11042 | Lair:2   | Reached skill level 11 in Evocations
 11617 | Lair:2   | Reached *** piety under Pakellas
 11617 | Lair:2   | Received a gift from Pakellas
 11795 | Lair:2   | Found a staircase to the Shoals.
 12157 | Lair:3   | Found a labyrinth entrance.
 12168 | Lab      | Entered a labyrinth
 12725 | Lab      | Noticed a minotaur
 12802 | Lab      | Killed a minotaur
 12802 | Lab      | Reached skill level 5 in Stealth
 12826 | Lab      | Identified the Compendium of Earthen Creation
 12835 | Lab      | Identified the Guide on Bewitchment
 12939 | Lair:3   | Identified the Incunabulum of Ghastly Talismans
 13166 | Lair:3   | Reached XP level 12. HP: 70/70 MP: 7/20
 13210 | Lair:3   | Noticed a four-headed hydra
 13679 | Lair:4   | Reached skill level 12 in Evocations
 13960 | Lair:4   | Reached **** piety under Pakellas
 13960 | Lair:4   | Received a gift from Pakellas
 14112 | Lair:4   | Noticed a seven-headed hydra
 14540 | Lair:5   | Upgraded the game from 0.19-a0-683-g5f2401d to 0.19-a0-687-g35db334
 14705 | Lair:5   | Noticed a death yak
 14706 | Lair:5   | Noticed a death yak
 14756 | Lair:5   | Noticed a death yak
 14783 | Lair:4   | Noticed a death yak
 14784 | Lair:4   | Noticed a death yak
 14785 | Lair:4   | Noticed a death yak
 14844 | Lair:3   | Killed a death yak
 14973 | Lair:4   | Killed a death yak
 15162 | Lair:4   | Reached skill level 13 in Evocations
 15186 | Lair:4   | Found a staircase to the Snake Pit.
 15232 | Lair:4   | Noticed a death yak
 15326 | Lair:5   | Noticed a death yak
 15326 | Lair:5   | Noticed a death yak
 15360 | Lair:6   | Entered Level 6 of the Lair of Beasts
 15366 | Lair:6   | Noticed a catoblepas
 15639 | Lair:6   | Identified the Collected Works on the Oath
 15658 | Lair:6   | Noticed Kirke
 16902 | D:11     | Reached skill level 14 in Evocations
 16929 | D:11     | Noticed a centaur warrior
 16976 | D:11     | Killed a centaur warrior
 16985 | D:11     | Reached XP level 13. HP: 65/74 MP: 8/23
 16995 | D:11     | Got a pitted glaive
 18138 | D:11     | Reached skill level 15 in Evocations
 18448 | D:12     | Reached ***** piety under Pakellas
 18448 | D:12     | Received a gift from Pakellas
 19019 | D:12     | Found a staircase to the Orcish Mines.
 19275 | D:13     | Found Cezoov's Pet Rocks.
 19277 | D:13     | Identified the cursed +1 glaive of Law {freeze, rF+ rN+} (You found it on level 11 of the Dungeon)
 20202 | Orc:1    | Entered Level 1 of the Orcish Mines
 20220 | D:12     | Reached skill level 16 in Evocations
 20501 | Orc:1    | Found Samuy's Antique Weapon Shop.
 20647 | Orc:1    | Found Zaghupn's General Store.
 20880 | Orc:2    | Entered Level 2 of the Orcish Mines
 20972 | Orc:2    | Found Biruz's Magic Scroll Shop.
 20980 | Orc:2    | Bought a scroll of identify for 32 gold pieces
 20980 | Orc:2    | Bought a scroll of teleportation for 48 gold pieces
 20980 | Orc:2    | Bought a scroll of teleportation for 48 gold pieces
 20980 | Orc:2    | Bought a scroll of identify for 32 gold pieces
 21042 | Orc:2    | Noticed an ettin
 21058 | Orc:2    | Killed an ettin
 21202 | Orc:2    | Reached ****** piety under Pakellas
 21320 | Orc:2    | Found a staircase to the Elven Halls.
 21369 | Orc:2    | Found a bloodstained altar of Trog.
 21391 | Orc:2    | Found Mejeipteukk's Merry Market.
 21684 | Orc:2    | Gained mutation: Your large and strong wings let you fly indefinitely. [Gargoyle growth]
 21684 | Orc:2    | Reached XP level 14. HP: 80/80 MP: 10/26
 22086 | Orc:2    | Reached skill level 17 in Evocations
 22150 | Orc:2    | Noticed Azrael
 23196 | Lair:1   | Noticed Gastronok
 23228 | Lair:1   | Killed Gastronok
 23897 | Snake:1  | Entered Level 1 of the Snake Pit
 24199 | Snake:1  | Reached skill level 18 in Evocations
 26175 | Lair:6   | Reached XP level 15. HP: 82/84 MP: 7/28
 26823 | Lair:6   | Reached skill level 19 in Evocations
 28940 | D:14     | You fall through a shaft!
 28940 | D:15     | Entered Level 15 of the Dungeon
 28940 | D:15     | Found a staircase to the Depths.
 28940 | D:15     | Noticed a fire giant
 28944 | D:15     | Killed a fire giant
 29614 | D:14     | Found a sacrificial altar of Ru.
 30306 | D:14     | Identified a +7 rod of shadows (12/12) (Pakellas gifted it to you on level 12 of the Dungeon)
 30484 | D:14     | Reached skill level 20 in Evocations
 30806 | D:14     | Found a gate to the Vaults.
 30823 | D:14     | Learned a level 1 spell: Apportation
 30826 | D:14     | Learned a level 2 spell: Repel Missiles
 31084 | D:14     | Noticed zero's ghost (journeyman MiBe)
 31110 | D:14     | HP: 2/84 [zero's ghost (5)]
 31729 | D:5      | Killed Menkaure
 32082 | Orc:2    | Found Wygadisk's Food Shoppe.
 32082 | Orc:2    | Found Daacruewiu's Distillery.
 32082 | Orc:2    | Found Bewol's Assorted Antiques.
 32082 | Orc:2    | Found Gamumnot's Antique Weapon Emporium.
 32088 | Orc:2    | Bought a potion of might for 68 gold pieces
 32088 | Orc:2    | Bought a potion of invisibility for 136 gold pieces
 32088 | Orc:2    | Bought a potion of heal wounds for 85 gold pieces
 32089 | Orc:2    | Bought a faintly glowing long sword for 221 gold pieces
 32090 | Orc:2    | Bought 2 scrolls labeled MIAFASAFFESS for 52 gold pieces
 32090 | Orc:2    | Bought a scroll of teleportation for 78 gold pieces
 32090 | Orc:2    | Bought a scroll of identify for 52 gold pieces
 32106 | Orc:2    | Identified the +3 long sword "Dragonslayer" {flame, Fragile +Blink rF+ SInv} (You bought it in a shop on level 2 of the Orcish Mines)
 32118 | Orc:2    | Bought a potion of haste for 170 gold pieces
 32118 | Orc:2    | Bought 2 potions of haste for 340 gold pieces
 32118 | Orc:2    | Bought a potion of haste for 170 gold pieces
 32183 | Orc:1    | Upgraded the game from 0.19-a0-687-g35db334 to 0.19-a0-706-g03de5d9
 32567 | Lair:5   | Found a staircase to the Slime Pits.
 32754 | Lair:4   | Reached skill level 1 in Charms
 32827 | Shoals:1 | Entered Level 1 of the Shoals
 32861 | Shoals:1 | Reached skill level 1 in Spellcasting
 32904 | Shoals:1 | Noticed Louise
 32963 | Shoals:1 | Reached skill level 1 in Translocations
 32963 | Shoals:1 | Reached skill level 1 in Air Magic
 33575 | Snake:2  | Noticed Vashnia
 33983 | Snake:2  | Reached XP level 16. HP: 42/88 MP: 19/30
 34809 | Elf:1    | Entered Level 1 of the Elven Halls
 34809 | Elf:1    | Found Ingismurph's Antique Armour Shoppe.
 36819 | Shoals:1 | Killed Louise
 37049 | Shoals:2 | Learned a level 2 spell: Blink
 37364 | Shoals:2 | HP: 2/88 [merfolk impaler/trident of venom (8)]
 37365 | Shoals:2 | Mangled by a merfolk impaler

Inventory:

Hand Weapons
 a - a +4 dagger of electrocution (weapon)
 b - a +2 great sword of flaming
 Y - a +0 blowgun
Missiles
 i - 7 steel javelins (quivered)
 o - 9 curare-tipped needles
 p - 122 poisoned needles
 H - a throwing net
Armour
 h - a +2 cloak (worn)
 y - a +2 leather armour of fire resistance
 G - the +4 skin of Zhor (worn) {rC+++}
   (You found it on level 2 of the Snake Pit)

   It renders you almost immune to cold.
 K - a +2 hat of see invisible (worn)
 N - a +1 pair of gloves (worn)
Rods
 Q - a +7 rod of shadows (12/12)
   (Pakellas gifted it to you on level 12 of the Dungeon)
Jewellery
 c - a ring of resist corrosion (left hand)
 m - a +3 ring of intelligence (right hand)
 z - an amulet of the gourmand (around neck)
Wands
 d - a wand of enslavement (5/24)
 e - a wand of acid (6/15)
 u - a wand of lightning (6/15)
 A - a wand of confusion (0/48)
 D - a wand of acid (3/15)
 F - a wand of paralysis (2/24)
 I - a wand of confusion (28/48)
 J - a wand of iceblast (6/15)
 O - a wand of hasting (5/9)
 V - a wand of disintegration (16/24)
 X - a wand of disintegration (11/24)
Scrolls
 j - a scroll of summoning
 s - 2 scrolls of enchant weapon
 v - 3 scrolls of fog
 x - 12 scrolls of remove curse
 P - a scroll of magic mapping
 W - 2 scrolls of enchant armour
 Z - 5 scrolls of identify
Potions
 g - a potion of agility
 k - a potion of berserk rage
 l - 9 potions of curing
 q - 2 potions of might
 r - 4 potions of cancellation
 B - 8 potions of lignification
 E - 2 potions of magic
 L - 4 potions of haste
 R - 2 potions of resistance
Books
 C - a manual of Maces & Flails
Miscellaneous
 n - a fan of gales
 M - a sack of spiders
 S - a lamp of fire
 T - a phial of floods
Comestibles
 f - 8 bread rations
 w - 10 meat rations


   Skills:
 - Level 6.0 Fighting
 - Level 8.2 Short Blades
 - Level 9.6 Armour
 + Level 3.8 Dodging
 - Level 5.8 Stealth
 - Level 2.5 Spellcasting
 - Level 3.8 Charms
 - Level 3.6 Translocations
 - Level 3.5 Air Magic
 - Level 20.2 Evocations


You had 15 spell levels left.
You knew the following spells:

 Your Spells              Type           Power        Failure   Level  Hunger
a - Apportation           Tloc           ##........   6%          1    #......
b - Blink                 Tloc           N/A          10%         2    ##.....
m - Repel Missiles        Chrm/Air       ##....       10%         2    ##.....


Dungeon Overview and Level Annotations

Branches:
Dungeon (15/15)            Temple (1/1) D:7            Lair (6/6) D:10
 Shoals (2/4) Lair:2        Snake (3/4) Lair:4        Slime (0/5) Lair:5
    Orc (2/2) D:12            Elf (2/3) Orc:2        Vaults (0/5) D:14
 Depths (0/5) D:15

Altars:
Ashenzari
Cheibriados
Dithmenos
Elyvilon
Fedhas
Gozag
Hepliaklqana
Kikubaaqudgha
Makhleb
Nemelex Xobeh
Okawaru
Pakellas
Qazlal
Ru
Sif Muna
Trog
Uskayaw
Vehumet
Xom
Yredelemnul
Zin
The Shining One

Shops:
D:13 *   Orc:1 *(   Orc:2 (!*%*?   Elf:1 [

Portals:
Trove: D:10 (give +2 gold dragon armour)

Annotations:
D:14 zero's ghost, journeyman MiBe
Lair:5 exclusion: 3 oklob plants
Lair:6 dogs, Kirke
Snake:2 Vashnia
Orc:2 Azrael


Innate Abilities, Weirdness & Mutations

You are resistant to torment.
Your stone body is resilient. (AC +11)
You are immune to poison.
Your large and strong wings let you fly indefinitely.
You resist negative energy. (rN+)
You are resistant to electric shocks. (rElec)
You can survive without breathing.
You are immune to petrification.
You are immune to rotting.

Vault maps used:
D:1:      shiori_arrival_maze, serial_bayou_pond_c
D:2:      old_standard_altar, gammafunk_temple_overflow_claw
D:3:      grunt_gozag_breadcrumbs, overflow_temple_1_default,
          lemuel_crystal_altar, nemelex_xobeh_ov_fountains_minmay
D:4:      overflow_temple_1_default, gup_sewer_entry_spiral, first_bread
D:5:      minmay_misc_feat_pillars, uniq_duvessa, uniq_menkaure, uniq_pikel
D:7:      temple_statues
D:8:      marbit_many_paths, nicolae_wwwww, the_bakery
D:9:      grunt_pakellas_mercury
D:10:     kennysheep_steamy, erik_lair_island, nicolae_trove_entry_columns
D:11:     hangedman_cross_stitches
D:12:     david_orc_4
D:13:     guppyfry_shop_earth
D:14:     david_vaults_5, enter_bailey_2, nicolae_ru_the_path_less_chosen,
          minmay_liquid_box, einodemon_crawler_minivault
D:15:     grunt_enter_depths_giant_problem, hangedman_abyss_or_decor_lesser_grid
Temple:   chambers_temple_12
Lair:1:   portal_ice_cave_entry_imps, uniq_gastronok
Lair:2:   elwin_shoals_entry_stream, serial_bayou_pond_d
Lair:3:   lab_entry_generic
Lair:4:   minmay_snake_entry_guardpost_large, bh_autumn_forest_stairs
Lair:5:   minmay_slime_entry_oklob_open, serial_bayou_lagoon_a,
          serial_bayou_shore_b, grunt_megastairs_4, serial_bayou_shore_a,
          serial_bayou_shore_b, serial_bayou_shore_b
Lair:6:   hangedman_lair_caniforms_friends, infiniplex_staircase_pool,
          uniq_kirke
Shoals:1: nicolae_shoals_siren_and_animal_friends, uniq_louise
Snake:1:  spider_trap, lemuel_fruit_tree
Snake:2:  serial_shops, nicolae_shop_temple_entry_statues_fountains,
          uniq_vashnia, uniq_asterion
Snake:3:  serial_bayou_shore_b
Orc:1:    serial_shops, shop, shop
Orc:2:    st_orc_ogre_mass, basic_altar, serial_shops, shop,
          nicolae_alphabet_shops, uniq_sonja, uniq_azrael
Elf:1:    serial_shops, nicolae_shop_trees, shop, nicolae_shop_behind_doors,
          shop_coins, orc_legates
Elf:2:    serial_shops, nicolae_shop_statue_plus, spider_trap, stair_cage_open
Lab:      nicolae_lab_dead_adventurers, nicolae_lab_garden,
          labyrinth_skeletal_remains, nicolae_lab_t_cross, nicolae_lab_hexagon,
          nicolae_lab_quarters, nicolae_lab_swirl, nicolae_lab_diamond,
          labyrinth_glass_2
Sewer:    sewer_big_baddie


Message History

You see here a trident.
The merfolk shouts!
A merfolk aquamancer comes into view. It is wielding a rapier of flaming.
You see here a trident.
The merfolk aquamancer shouts!
The merfolk aquamancer casts a spell at you.
The great wave of water hits you!
You are knocked back by the great wave of water.
The wave splashes down.
You hear a shout!
You hear an angry hiss.
You hear a shout! x2
You hear a screech!
You hear a shout! x2
A siren comes into view. It is wielding a trident.
The merfolk hits you but does no damage.
Unknown command.
Okay, then.
Evoke which item? (* to show all) (? for menu, Esc to quit)
Zapping:
O - a wand of hasting (6/9)
Press: ? - help, Shift-Dir - straight line, f - you You feel yourself speed up.
You are very lightly contaminated with residual magic.
This wand has 5 charges left.
The merfolk hits you but does no damage.
Unknown command.
The siren chants a haunting song.
You are mesmerised by the siren!
The siren chants its luring song.
You closely miss the siren. You barely miss the siren.
The siren chants its luring song.
You hear a shout!
You hit the siren but do no damage.
Unknown command.
You hit the siren.
The siren is lightly wounded.
The water elemental barely misses you. The water elemental hits you!
The water elemental engulfs you in water!
The merfolk closely misses you.
The siren chants its luring song.
Unknown command.
You hit the siren.
There is a sudden explosion of sparks!
The siren is moderately wounded.
Unknown command.
You closely miss the siren.
The siren is moderately wounded.
The water elemental hits you.
The merfolk aquamancer gestures wildly while chanting.
The merfolk aquamancer blinks!
Unknown command.
You hit the siren.
The siren is heavily wounded.
The water elemental hits you.
The siren chants its luring song.
The merfolk closely misses you.
Unknown command.
You hit the siren.
The siren is heavily wounded.
A snapping turtle comes into view.
You feel very mighty all of a sudden. The water elemental closely misses you.
The water elemental barely misses you.
The siren chants its luring song.
The merfolk hits you from afar with a vampiric trident.
Unknown command.
You puncture the siren!
The siren is severely wounded.
You miss the siren.
The siren is severely wounded.
The water elemental barely misses you. The water elemental closely misses you.
The siren chants its luring song.
You puncture the siren!
There is a sudden explosion of sparks!
You break out of your daze!
You kill the siren!
Pakellas accepts your kill.
You feel your power returning.
Your phial of floods has recharged.
The merfolk hits you from afar with a vampiric trident!
With effort, you pull free of the water engulfing you.
The water engulfing you falls away. The water elemental hits you.
You see here a trident.
A merfolk comes into view. It is wielding a trident.
The merfolk impaler hits you from afar with a trident of venom!
The merfolk aquamancer casts a spell at you.
The ball of steam hits you!
* * * LOW HITPOINT WARNING * * *
Okay, then.
Okay, then.
Unknown command.
Okay, then.
As you read the scroll of teleportation, it crumbles to dust.
You feel strangely unstable.
You are engulfed in a cloud of scalding steam.
The merfolk impaler hits you from afar with a trident of venom!
* * * LOW HITPOINT WARNING * * *
The water elemental is engulfed in a cloud of scalding steam.
The water elemental hits you.
* * * LOW HITPOINT WARNING * * *
The water elemental engulfs you in water!
With effort, you pull free of the water engulfing you.
The water engulfing you falls away.
The merfolk impaler hits you with a trident of venom!
You die...
Pakellas says: That's one more possible approach eliminated.

≈≈≈≈>≈≈≈...≈≈## ###...#..≈≈≈≈≈
.≈≈≈≈.≈≈.#.≈≈.#####...≈≈≈≈≈≈≈≈≈≈≈
.≈≈...≈≈...≈≈.##....≈≈≈≈≈≈≈≈≈≈≈≈≈
≈%....≈....≈≈.t..≈≈≈≈≈≈≈≈≈≈≈≈≈≈≈≈
........(.m≈§≈≈≈≈≈≈≈m≈≈≈≈≈≈≈≈≈≈≈≈
.m##....≈)≈§§≈§≈§≈≈≈≈≈≈≈≈≈≈≈≈≈≈≈≈
...#####≈.≈§(mE≈§≈≈≈≈....?≈≈≈≈≈≈≈
.....###≈.≈...E≈§≈≈≈......≈≈≈≈≈≈≈
.......)....###(@≈≈≈.###.)≈≈≈≈≈≈≈
.....######## #m.≈≈≈.###..≈≈≈≈≈≈≈
##.### ##.≈≈≈.##...≈≈≈≈≈≈≈ ##
##..≈≈≈...≈≈≈≈≈≈≈≈≈≈
#..≈≈≈≈..≈≈≈≈≈≈≈≈≈≈≈ .##
#..≈≈≈≈≈≈≈≈≈≈≈≈≈PPP≈
....###..≈≈≈≈≈≈≈≈≈≈≈≈≈PPP≈
.........###≈≈≈≈≈≈≈≈≈≈PPP≈
m.......## ##.≈≈≈≈≈≈≈≈PP≈


You could see a merfolk impaler, a snapping turtle, 2 merfolk and 2 water
elementals.

Vanquished Creatures
  Gastronok (Lair:1)
  An ettin (Orc:2)
  A minotaur (Lab)
  5 hydras
  A naga warrior (Snake:1)
  4 anacondas
  4 centaur warriors
  An ogre mage (Orc:2)
  A harpy (Shoals:1)
  2 dancing weapons
  An alligator snapping turtle (Shoals:2)
  8 death yaks
  6 naga sharpshooters
  Pikel (D:5)
  2 shock serpents (Snake:1)
  5 unseen horrors
  3 sea snakes
  A salamander (Snake:1)
  4 hill giants
  2 naga ritualists
  An orc knight (Orc:2)
  A deep elf archer (Elf:1)
  A wolf spider zombie (D:14)
  2 griffons
  5 mana vipers (Snake:1)
  A faun (Shoals:1)
  3 orc sorcerers
  5 ugly things
  5 deep elf magi
  4 komodo dragons
  3 sirens
  3 elephants (Lair:5)
  2 centaur zombies (D:12)
  2 naga magi
  18 black mambas
  3 rime drakes
  11 spiny frogs
  2 demonic crawlers (D:14)
  3 hell hounds (Lair:6)
  6 polar bears (Lair:6)
  7 trolls
  7 two-headed ogres (Orc:2)
  5 blink frogs (Lair:1)
  5 merfolk
  8 slime creatures
  A raiju (Lair:6)
  A wind drake (Shoals:1)
  A spriggan (D:8)
  A water elemental (Shoals:1)
  A shadow (Lab)
  29 yaks
  A yak (shapeshifter) (D:13)
  2 wyverns
  A hog (Lair:6)
  3 wraiths
  3 basilisks
  3 steam dragons
  6 hungry ghosts
  11 vampire mosquitoes
  6 wargs
  Menkaure (D:5)
  11 hippogriffs
  15 nagas
  A soldier ant (Sewer)
  Duvessa (D:5)
  8 water moccasins
  3 porcupines
  13 orc warriors
  11 black bears (Lair:6)
  2 ice beasts
  5 sky beasts
  A slave (D:5)
  A necrophage (D:11)
  25 centaurs
  3 phantoms
  An eye of draining (D:14)
  23 ogres
  13 wolves
  4 crocodiles
  3 big kobolds
  23 giant frogs
  An earth elemental (D:13)
  A wyvern zombie (D:13)
  4 scorpions
  A wyvern skeleton (D:14)
  7 killer bees
  4 wights
  12 crimson imps
  4 giant frog zombies
  A quasit (D:11)
  2 giant frog skeletons
  10 orc priests
  4 jellies
  5 centaur skeletons
  24 hounds
  8 iguanas
  13 orc wizards
  8 worker ants
  18 sheep
  A killer bee zombie (D:8)
  3 hound skeletons
  2 worker ant zombies
  4 gnolls (D:9)
  14 adders
  38 river rats
  2 shadow imps
  12 white imps (Lair:1)
  4 oozes
  3 adder skeletons
  2 worms
  2 dart slugs
  11 giant geckos
  49 orcs
  4 giant cockroaches
  3 goblins
  4 hobgoblins
  10 jackals
  20 kobolds
  6 quokkas
  A ball python (D:1)
  13 bats
  4 giant newts
  2 jackal skeletons
  A jackal zombie (D:8)
  A quokka skeleton (D:5)
  A quokka zombie (D:5)
  8 rats
757 creatures vanquished.

Vanquished Creatures (collateral kills)
  A fire giant (D:15)
  Louise (Shoals:1)
  2 ogre magi (Orc:2)
  A rakshasa (D:14)
  A naga warrior (Snake:1)
  A vault guard (D:14)
  A merfolk avatar (Shoals:1)
  A dancing weapon (Elf:1)
  A centaur warrior (D:15)
  A sea snake (Shoals:1)
  3 deep elf archers (Elf:1)
  A black mamba (Snake:2)
  An ugly thing (D:14)
  A mana viper (Snake:1)
  2 griffons (Shoals:1)
  2 harpies (Shoals:1)
  A salamander (Snake:1)
  4 deep elf magi
  A manticore (Shoals:2)
  3 fauns (Shoals:1)
  A cyclops (Orc:1)
  A siren (Lair:2)
  A water nymph (Shoals:1)
  3 centaur skeletons
  A torpor snail (Lair:2)
  A tengu conjurer (D:14)
  A two-headed ogre (Orc:2)
  2 merfolk
  A troll (Orc:1)
  4 slime creatures
  An air elemental (Elf:2)
  2 fire elementals
  4 yaks
  A basilisk (D:15)
  A hungry ghost (D:10)
  2 hippogriffs
  A warg (Orc:1)
  A naga (Snake:1)
  A hell hound (Lair:6)
  4 wolves
  3 ogres
  A giant frog (D:15)
  A killer bee (D:8)
  3 electric eels
  An orc priest (D:12)
  A giant frog skeleton (D:5)
  5 orc wizards
  6 orcs
  5 jackals
  A bat (D:2)
91 creatures vanquished.

Vanquished Creatures (others)
  A harpy (Shoals:1)
  A catoblepas (Lair:6)
  An anaconda (Snake:1)
  2 trolls
  8 ugly things
  An elephant (Lair:5)
  4 black mambas
  A komodo dragon (Lair:6)
  2 polar bears (Lair:6)
  5 two-headed ogres
  3 slime creatures (D:13)
  A raiju (Lair:6)
  A yak (Lair:2)
  A wyvern (D:14)
  3 hogs (Lair:6)
  A basilisk (Lair:6)
  A crocodile (Lair:2)
  6 hell hounds
  3 slaves (D:5)
  2 black bears (Lair:6)
  An eye of draining (D:14)
  A sky beast (D:9)
  2 ogres (Orc:1)
  A giant frog skeleton (D:12)
  A worker ant (D:5)
  A giant gecko (D:5)
  An orc (D:10)
  6 fungi
  19 plants
81 creatures vanquished.

Grand Total: 929 creatures vanquished

Action                   |  1- 3 |  4- 6 |  7- 9 | 10-12 | 13-15 | 16-18 || total
-------------------------+-------+-------+-------+-------+-------+-------++-------
Melee: Short sword       |    45 |       |       |       |       |       ||    45
       Dagger            |    49 |   204 |   457 |  1133 |  2376 |   232 ||  4451
       Falchion          |       |       |     6 |     6 |       |       ||    12
       Unarmed           |       |       |       |     2 |    12 |       ||    14
       Great sword       |       |       |       |       |    27 |       ||    27
Throw: Javelin           |       |       |     4 |       |       |       ||     4
 Cast: Apportation       |       |       |       |       |     4 |       ||     4
Invok: Quick Charge      |       |       |       |    10 |    27 |     3 ||    40
 Abil: Fly               |       |       |       |       |     1 |       ||     1
Evoke: Wand              |     8 |    10 |    18 |    92 |   198 |    30 ||   356
       Rod               |       |       |       |       |     5 |       ||     5
       Sack of spiders   |       |       |       |       |     1 |     2 ||     3
       Lamp of fire      |       |       |       |       |     1 |     1 ||     2
       Box of beasts     |       |       |       |       |       |     2 ||     2
       Phial of floods   |       |       |       |       |       |     1 ||     1
  Use: Scroll            |       |     4 |    10 |    17 |    18 |     3 ||    52
       Potion            |       |       |     1 |     3 |    10 |     4 ||    18
 Stab: Sleeping          |     4 |       |       |       |     3 |     1 ||     8
       Confused          |       |       |     2 |    22 |    24 |    11 ||    59
       Paralysed         |       |       |       |     1 |     7 |     5 ||    13
       Distracted        |       |       |       |       |     4 |       ||     4
       Invisible         |       |       |       |       |       |     3 ||     3
  Eat: Chunk             |       |     7 |    11 |    13 |    18 |       ||    49
       Pizza             |       |       |     1 |     2 |     1 |       ||     4
       Bread ration      |       |       |     5 |     2 |     2 |     1 ||    10
       Royal jelly       |       |       |     3 |       |       |       ||     3
       Meat ration       |       |       |     1 |       |       |     1 ||     2
       Fruit             |       |       |       |    10 |    17 |       ||    27
       Beef jerky        |       |       |       |     2 |    15 |       ||    17
Armor: Leather armour    |    24 |     1 |       |       |    89 |    61 ||   175
       Scale mail        |       |   140 |    27 |       |       |       ||   167
       Plate armour      |       |       |   244 |   615 |  1676 |       ||  2535
       Animal skin       |       |       |       |       |       |    14 ||    14
Dodge: Dodged            |    45 |   117 |    92 |   222 |   581 |    82 ||  1139

Action                   |  1- 3 |  4- 6 |  7- 9 | 10-12 | 13-15 | 16-18 || total
-------------------------+-------+-------+-------+-------+-------+-------++-------
Melee: Short sword       |    45 |       |       |       |       |       ||    45
       Dagger            |    49 |   204 |   457 |  1133 |  2376 |   232 ||  4451
       Falchion          |       |       |     6 |     6 |       |       ||    12
       Unarmed           |       |       |       |     2 |    12 |       ||    14
       Great sword       |       |       |       |       |    27 |       ||    27
Throw: Javelin           |       |       |     4 |       |       |       ||     4
 Cast: Apportation       |       |       |       |       |     4 |       ||     4
Invok: Quick Charge      |       |       |       |    10 |    27 |     3 ||    40
 Abil: Fly               |       |       |       |       |     1 |       ||     1
Evoke: Wand              |     8 |    10 |    18 |    92 |   198 |    30 ||   356
       Rod               |       |       |       |       |     5 |       ||     5
       Sack of spiders   |       |       |       |       |     1 |     2 ||     3
       Lamp of fire      |       |       |       |       |     1 |     1 ||     2
       Box of beasts     |       |       |       |       |       |     2 ||     2
       Phial of floods   |       |       |       |       |       |     1 ||     1
  Use: Scroll            |       |     4 |    10 |    17 |    18 |     3 ||    52
       Potion            |       |       |     1 |     3 |    10 |     4 ||    18
 Stab: Sleeping          |     4 |       |       |       |     3 |     1 ||     8
       Confused          |       |       |     2 |    22 |    24 |    11 ||    59
       Paralysed         |       |       |       |     1 |     7 |     5 ||    13
       Distracted        |       |       |       |       |     4 |       ||     4
       Invisible         |       |       |       |       |       |     3 ||     3
  Eat: Chunk             |       |     7 |    11 |    13 |    18 |       ||    49
       Pizza             |       |       |     1 |     2 |     1 |       ||     4
       Bread ration      |       |       |     5 |     2 |     2 |     1 ||    10
       Royal jelly       |       |       |     3 |       |       |       ||     3
       Meat ration       |       |       |     1 |       |       |     1 ||     2
       Fruit             |       |       |       |    10 |    17 |       ||    27
       Beef jerky        |       |       |       |     2 |    15 |       ||    17
Armor: Leather armour    |    24 |     1 |       |       |    89 |    61 ||   175
       Scale mail        |       |   140 |    27 |       |       |       ||   167
       Plate armour      |       |       |   244 |   615 |  1676 |       ||  2535
       Animal skin       |       |       |       |       |       |    14 ||    14
Dodge: Dodged            |    45 |   117 |    92 |   222 |   581 |    82 ||  1139
